 Dungeon Crawl Stone Soup version 0.18-a0-965-g9200175 (webtiles) character file.

121 Yawgmoth the Magician (level 5, 0/28 HPs)
             Began as a Gargoyle Wizard on Jan 1, 2016.
             Slain by an orc priest
             ... wielding a +0 short sword
              (5 damage)
             ... on level 3 of the Dungeon.
             The game lasted 00:10:42 (3036 turns).

Yawgmoth the Magician (Gargoyle Wizard)             Turns: 3036, Time: 00:10:42

Health: 0/28       AC:  6    Str: 10    XL:     5   Next: 5%
Magic:  1/11       EV: 11    Int: 20    God:
Gold:   191        SH:  0    Dex:  8    Spells: 4 memorised, 4 levels left

rFire  . . .     SeeInvis +     i - +0 mace
rCold  . . .     Gourm    .     a - +0 robe
rNeg   + . .     Faith    .     (no shield)
rPois  ∞         Spirit   .     b - +0 hat
rElec  +         Dismiss  .     (no cloak)
rCorr  .         Reflect  .     (no gloves)
SustAt .         Harm     .     (no boots)
MR     .....                    (no amulet)
Stlth  ++........               (no ring)
                                u - ring of see invisible

@: not resistant to hostile enchantments, unstealthy
A: negative energy resistance 1, electricity resistance, unbreathing,
petrification resistance, rot immunity, AC +4
a: no special abilities


You were on level 3 of the Dungeon.
You were not hungry.

You visited 1 branch of the dungeon, and saw 3 of its levels.

You collected 191 gold pieces.

Inventory:

Hand Weapons
 h - a +0 whip
 i - a +0 mace (weapon)
 s - a +2 dagger of venom
Missiles
 g - 41 stones (quivered)
 k - 62 arrows
 l - 33 arrows of frost
 n - 31 poisoned needles
 y - 39 sling bullets
 A - 12 bolts
Armour
 a - a +0 robe (worn)
 b - a +0 hat (worn)
 f - a +0 leather armour
Jewellery
 u - a ring of see invisible (left hand)
Scrolls
 o - a scroll of identify {unknown}
 p - a scroll of blinking {unknown}
 q - a scroll of remove curse {unknown}
 z - a scroll of teleportation {unknown}
Potions
 e - 2 potions of degeneration {unknown}
 j - a potion of curing {unknown}
 r - a potion of agility {unknown}
 t - a potion of flight {unknown}
 w - a potion of brilliance {unknown}
Books
 c - a book of Minor Magic

   Spells                             Type                      Level
   a - Magic Dart                     Conjuration                  1
   b - Blink                          Translocation                2
   c - Call Imp                       Summoning                    2
   d - Repel Missiles                 Charms/Air                   2
   e - Slow                           Hexes                        2
   f - Conjure Flame                  Conjuration/Fire             3
   g - Mephitic Cloud                 Conjuration/Poison/Air       3
Comestibles
 d - 3 bread rations
 m - a meat ration
 v - 2 chunks of flesh
 x - 6 fruits
 B - a slice of pizza


   Skills:
 - Level 1.5 Dodging
 - Level 2.2 Stealth
 + Level 4.3 Spellcasting
 + Level 3.4 Conjurations
 - Level 0.8 Summonings
 - Level 0.8 Translocations


You had 4 spell levels left.
You knew the following spells:

 Your Spells              Type           Power        Failure   Level  Hunger
a - Magic Dart            Conj           ###.         3%          1    None
b - Blink                 Tloc           N/A          17%         2    #......
c - Call Imp              Summ           #.......     17%         2    #......
d - Mephitic Cloud        Conj/Pois/Air  #.......     24%         3    ###....


Dungeon Overview and Level Annotations

Branches:
Dungeon (3/15)

Altars:
Gozag


Innate Abilities, Weirdness & Mutations

You are resistant to torment.
Your stone body is resilient (AC +4).
You are immune to poison.
You resist negative energy.
You are resistant to electric shocks.
You can survive without breathing.
You are immune to petrification.
You are immune to rotting.


Message History

You are too injured to fight recklessly!
You are too injured to fight recklessly!
You hit the orc priest but do no damage.
The orc priest is severely wounded.
The orc priest casts a cantrip, but nothing happens.
The orc priest hits you but does no damage.
You hit the orc priest.
The orc priest is severely wounded.
The orc priest closely misses you.
You closely miss the orc priest.
The orc priest is severely wounded.
The orc priest hits you but does no damage.
Your magical contamination has completely faded away.
You barely miss the orc priest.
The orc priest is severely wounded.
The orc priest hits you but does no damage. x2
You hit the orc priest but do no damage.
The orc priest is severely wounded.
The orc priest hits you with a short sword.
You die...

#.....# #.....#... #######.....#
#######.....#... ............#
#...........#... ............#
#....###....#... ............#
#....###....#... ............#
#.....##....#... ............##
#####.##..#.#.##
.......##....#########....#..#.#
.......†.....ooo@.......).#..#.#
#.............o##########..##..##
##...#...).....# #..........
.#..#_#....##..# ##..........
....)#.......#.### ##...<.......
###.......##.....## #............
.###......###.....###.#..........
...............##.....#..#.##...#
#.........####.##.#..[.......##.#


You could see an orc priest, an orc wizard (invisible) and 2 orcs.

Vanquished Creatures
  An iguana (D:3)
  2 adders (D:3)
  An ooze (D:1)
  2 worms (D:2)
  6 giant geckos
  2 orcs (D:3)
  2 ball pythons (D:3)
  A giant cockroach (D:2)
  6 goblins
  8 hobgoblins
  A quokka (D:3)
  9 bats
  4 giant newts
  2 kobolds
  8 rats
55 creatures vanquished.

Vanquished Creatures (collateral kills)
  A goblin (D:2)
  A bat (D:2)
2 creatures vanquished.

Grand Total: 57 creatures vanquished

Notes
Turn   | Place    | Note
--------------------------------------------------------------
     0 | D:1      | Yawgmoth the Gargoyle Wizard began the quest for the Orb.
     0 | D:1      | Reached XP level 1. HP: 10/10 MP: 4/4
   343 | D:1      | Reached XP level 2. HP: 15/15 MP: 3/6
   927 | D:1      | Reached XP level 3. HP: 19/19 MP: 5/7
  1957 | D:2      | Learned a level 2 spell: Blink
  1960 | D:2      | Learned a level 2 spell: Call Imp
  1964 | D:2      | Learned a level 3 spell: Mephitic Cloud
  2357 | D:3      | Reached XP level 4. HP: 22/24 MP: 2/9
  2427 | D:3      | Found a faded altar to an unknown god.
  2611 | D:3      | Reached skill level 4 in Spellcasting
  2866 | D:3      | Found an opulent altar of Gozag.
  2975 | D:3      | Reached XP level 5. HP: 22/28 MP: 2/11
  3036 | D:3      | Slain by an orc priest

Vault maps used:
D:1:      dpeg_arrival_houses_and_road
D:3:      nicolae_gozag_cash_rules_everything_around_me, ecumenical_altar_1,
          minmay_curled_crystal, kennysheep_donut

Action                   |  1- 3 |  4- 6 || total
-------------------------+-------+-------++-------
Melee: Mace              |     8 |    12 ||    20
 Cast: Magic Dart        |   102 |    51 ||   153
       Call Imp          |     1 |       ||     1
  Eat: Chunk             |     4 |     2 ||     6
